 Dungeon Crawl Stone Soup version 0.30-a0-42-g806c11bf1d (webtiles) character file.

Game seed: 872213414194611501

4631 IdlyInterested the Carver (level 10, -1/82 HPs)
             Began as a Demonspawn Gladiator on Aug 30, 2022.
             Slain by a six-headed hydra (5 damage)
             ... on level 1 of the Lair of Beasts.
             The game lasted 00:27:29 (9847 turns).

IdlyInterested the Carver (Demonspawn Gladiator)    Turns: 9847, Time: 00:27:30

Health: -1/82      AC: 18    Str: 18    XL:     10   Next: 19%
Magic:  0/11       EV:  6    Int: 12    God:
Gold:   504        SH:  0    Dex: 16    Spells: 9/9 levels left

rFire   x . .      SeeInvis .    P - +0 rapier
rCold   + . .      Faith    .    (no shield)
rNeg    . . .      Spirit   +    n - +0 plate armour
rPois   +          Reflect  .    c - +1 helmet
rElec   .          Harm     .    t - +1 cloak
rCorr   .          Rampage  .    (no gloves)
Will    .....                    m - +1 pair of boots
Stlth   ..........               (no amulet)
HPRegen 0.23/turn                l - ring of poison resistance
MPRegen 0.24/turn                j - ring "Qiumipp" {Ice rPois Int+3}

@: studying Ice Magic
A: rugged brown scales 1, powered by pain 1, magic shield, magic regeneration,
demonic touch 2
a: no special abilities


You were on level 1 of the Lair of Beasts.
You visited 3 branches of the dungeon, and saw 10 of its levels.

You collected 504 gold pieces.

Inventory:

Hand Weapons
 a - a +0 long sword
 b - a +1 scimitar
 g - a +0 falchion
 C - a +0 falchion
 F - a +0 long sword
 G - a +0 long sword
 H - a +2 long sword
 N - a +0 falchion
 P - a +0 rapier (weapon)
Missiles
 d - 2 throwing nets
 e - 10 javelins
 i - 71 stones (quivered)
 s - 6 poisoned darts
 E - 6 curare-tipped darts
 O - 3 boomerangs
Armour
 c - a +1 helmet (worn)
 m - a +1 pair of boots (worn)
 n - a +0 plate armour (worn)
 t - a +1 cloak (worn)
Magical Staves
 K - a staff of cold
Jewellery
 j - the ring "Qiumipp" (right hand) {Ice rPois Int+3}
   (You found it on level 5 of the Dungeon)

   [ring of ice]

   It enhances your ice magic.
   Int:       It affects your intelligence (+3).
   rF:        It makes you vulnerable to fire.
   rC:        It protects you from cold.
   rPois:     It protects you from poison.
 l - a ring of poison resistance (left hand)
Wands
 u - a wand of polymorph (17)
 D - a wand of flame (24)
Scrolls
 f - 2 scrolls of immolation
 k - 6 scrolls of teleportation
 y - a scroll of butterflies
 A - a scroll of silence
 B - a scroll of summoning
 I - a scroll of enchant weapon
Potions
 h - 2 potions of lignification
 o - a potion of attraction
 p - a potion of ambrosia
 q - 2 potions of curing {unknown}
 r - 3 potions of might {unknown}
 v - a potion of berserk rage {unknown}
 x - 2 potions of invisibility {unknown}
 z - 2 potions of flight {unknown}
 L - a potion of haste {unknown}
 M - 2 potions of degeneration {unknown}


   Skills:
 - Level 8.0 Fighting
 * Level 11.1 Long Blades
 - Level 1.7 Throwing
 - Level 2.0 Armour
 - Level 2.6 Dodging
 - Level 1.0 Stealth
 + Level 3.2 Unarmed Combat
 - Level 2.0 Invocations
 - Level 1.0 Evocations


You had 9 spell levels left.
You didn't know any spells.
Your spell library contained the following spells:

 Spells                   Type           Power      Damage    Failure   Level
 Summon Small Mammal      Summ           0%         N/A       100%        1
 Ensorcelled Hibernation  Hex/Ice        0%         N/A       100%        2
 Static Discharge         Conj/Air       0%         3-3/arc   100%        2
 Call Canine Familiar     Summ           0%         N/A       100%        3
 Inner Flame              Hex/Fire       0%         N/A       100%        3
 Spider Form              Tmut/Pois      0%         N/A       100%        3
 Summon Guardian Golem    Hex/Summ       0%         N/A       100%        3
 Anguish                  Hex/Necr       0%         N/A       100%        4
 Cause Fear               Hex            0%         N/A       100%        4
 Dispel Undead            Necr           0%         3d6       100%        4
 Sticky Flame             Conj/Fire      0%         2d3       100%        4
 Discord                  Hex            0%         N/A       100%        8


Dungeon Overview and Level Annotations

Branches:
Dungeon (8/15)             Temple (1/1) D:6            Lair (1/5) D:8

Altars:
Ashenzari
Cheibriados
Dithmenos
Fedhas
Gozag
Hepliaklqana
Kikubaaqudgha
Makhleb
Nemelex Xobeh
Qazlal
Ru
Sif Muna
Trog
Uskayaw
Vehumet
Wu Jian
Xom
Yredelemnul


Innate Abilities, Weirdness & Mutations

You are partially covered in rugged brown scales. (AC +1, +3% HP)
You sometimes gain a little power by taking damage.
When hurt, damage is shared between your health and your magic reserves.
You regenerate magic rapidly.
Your touch may inflict irresistible damage on your foes.


Message History

Press: ? - help, Shift-Dir - straight line, f/p - basilisk
Aim: a basilisk (heavily wounded, 58% to hit)
You throw a throwing net.
The throwing net hits the six-headed hydra.
The six-headed hydra is too large for the net to hold!
The six-headed hydra is lightly wounded.
The six-headed hydra bites you but does no damage.
The six-headed hydra barely misses you.
The six-headed hydra bites you but does no damage.
The six-headed hydra barely misses you.
The six-headed hydra bites you but does no damage.
The six-headed hydra bites you.
* * * LOW HITPOINT WARNING * * *
You feel much better. The six-headed hydra barely misses you.
The six-headed hydra bites you!
* * * LOW HITPOINT WARNING * * *
The six-headed hydra bites you!
* * * LOW HITPOINT WARNING * * *
The six-headed hydra barely misses you. x2
The six-headed hydra bites you but does no damage.
You puncture the six-headed hydra!
You touch the six-headed hydra!
The six-headed hydra is moderately wounded.
You hit the six-headed hydra.
The six-headed hydra is moderately wounded.
The six-headed hydra bites you but does no damage.
The six-headed hydra bites you.
* * * LOW HITPOINT WARNING * * *
The six-headed hydra completely misses you.
The six-headed hydra bites you.
* * * LOW HITPOINT WARNING * * *
The six-headed hydra bites you but does no damage. x2
You hit the six-headed hydra but do no damage.
You touch the six-headed hydra!
The six-headed hydra is heavily wounded.
The six-headed hydra bites you but does no damage.
The six-headed hydra barely misses you. The six-headed hydra bites you.
* * * LOW HITPOINT WARNING * * *
The six-headed hydra bites you but does no damage.
The six-headed hydra bites you.
You die...

#........
#....(...
#....(...
#...(....
#........
##$.......
#.l.......
#D# #@#
#..# ##.#
#.# #.#
... ...
...


You could see a six-headed hydra and a basilisk.

Vanquished Creatures
  Grinder (D:3)
  4 yaks (D:8)
  Menkaure (D:5)
  3 orc warriors
  A water moccasin (D:8)
  A black bear (D:6)
  An ogre (D:3)
  7 wolves (Lair:1)
  4 centaurs
  2 phantoms
  A kobold brigand (D:8)
  8 bullfrogs
  5 scorpions
  2 necrophages
  A gnoll sergeant (D:5)
  3 wights (D:7)
  2 orc priests (D:5)
  2 jellies (D:5)
  4 hounds
  A gnoll bouda (D:7)
  Crazy Yiuf (D:2)
  Jessica (D:2)
  4 iguanas
  4 orc wizards
  Robin (D:3)
  17 gnolls
  4 adders
  2 shadow imps
  A white imp (D:4)
  An ufetubus (D:6)
  A worm (D:3)
  A dart slug (D:5)
  23 orcs
  4 endoplasms
  7 giant cockroaches
  16 goblins
  9 hobgoblins
  4 jackals (D:1)
  8 kobolds
  3 quokkas
  7 ball pythons
  9 bats
  5 frilled lizards
  3 rats
  A spectral hobgoblin (D:4)
191 creatures vanquished.

Vanquished Creatures (collateral kills)
  A kobold (D:2)
1 creature vanquished.

Vanquished Creatures (others)
  An orc wizard (D:5)
  A fungus (Lair:1)
  A plant (Lair:1)
3 creatures vanquished.

Grand Total: 195 creatures vanquished

Notes
Turn   | Place    | Note
-------+----------+-------------------------------------------
     0 | D:1      | IdlyInterested the Demonspawn Gladiator began the quest for
                  | the Orb.
     0 | D:1      | Reached XP level 1. HP: 16/16 MP: 1/1
   296 | D:1      | Reached skill level 3 in Long Blades
   297 | D:1      | Gained mutation: You regenerate magic rapidly. [demonic
                  | ancestry]
   297 | D:1      | Reached XP level 2. HP: 21/23 MP: 2/2
   449 | D:1      | Found a faded altar of an unknown god.
  1091 | D:2      | Gained mutation: Your touch may inflict minor irresistible
                  | damage on your foes. [demonic ancestry]
  1091 | D:2      | Reached XP level 3. HP: 21/29 MP: 3/3
  1311 | D:2      | Noticed Jessica
  1314 | D:2      | Killed Jessica
  1315 | D:2      | Reached XP level 4. HP: 20/35 MP: 4/4
  2022 | D:2      | Found a runed translucent door.
  2023 | D:2      | Noticed Crazy Yiuf
  2226 | D:2      | Killed Crazy Yiuf
  2227 | D:2      | Reached skill level 4 in Long Blades
  2477 | D:3      | Noticed Robin
  2493 | D:3      | Gained mutation: Your touch may inflict irresistible damage
                  | on your foes. [demonic ancestry]
  2493 | D:3      | Reached XP level 5. HP: 28/42 MP: 5/5
  2498 | D:3      | Killed Robin
  2934 | D:3      | Noticed Grinder
  2937 | D:3      | Paralysed by Grinder for 5 turns
  2946 | D:3      | Paralysed by Grinder for 5 turns
  2953 | D:3      | Killed Grinder
  2954 | D:3      | Reached skill level 5 in Long Blades
  2954 | D:3      | Reached skill level 1 in Unarmed Combat
  2954 | D:3      | Gained mutation: You are partially covered in rugged brown
                  | scales. (AC +1, +3% HP) [demonic ancestry]
  2954 | D:3      | Reached XP level 6. HP: 20/49 MP: 6/6
  3143 | D:3      | Found a hide-covered altar of Uskayaw.
  3541 | D:4      | Found the +7 staff of the Meek {protect, meekguard}
  3580 | D:4      | Found a bloodstained altar of Trog.
  3583 | D:4      | Noticed an orc warrior
  3607 | D:4      | Found a sacrificial altar of Ru.
  3607 | D:4      | Found a burning altar of Makhleb.
  3608 | D:4      | Found a transporter.
  3615 | D:4      | Found a transporter.
  3726 | D:4      | Reached skill level 6 in Long Blades
  3726 | D:4      | Reached XP level 7. HP: 43/55 MP: 7/7
  3739 | D:4      | Reached skill level 1 in Armour
  3959 | D:4      | Found a hazy altar of Hepliaklqana.
  4847 | D:4      | Reached skill level 7 in Long Blades
  5000 | D:5      | Entered Level 5 of the Dungeon
  5006 | D:5      | Reached skill level 1 in Stealth
  5023 | D:5      | Gained mutation: When hurt, damage is shared between your
                  | health and your magic reserves. [demonic ancestry]
  5023 | D:5      | Reached XP level 8. HP: 61/61 MP: 8/8
  5248 | D:5      | Reached skill level 1 in Evocations
  5320 | D:5      | Reached skill level 1 in Invocations
  5334 | D:5      | Identified the +2 spear "Ycorevu" {chaos, rPois MP+9}
  5386 | D:5      | Reached skill level 8 in Long Blades
  5855 | D:5      | Reached skill level 5 in Fighting
  6111 | D:5      | Noticed Menkaure
  6118 | D:5      | Killed Menkaure
  6251 | D:5      | Identified the ring "Qiumipp" {Ice rPois Int+3}
  6630 | D:6      | Reached skill level 9 in Long Blades
  6679 | D:6      | Gained mutation: You sometimes gain a little power by
                  | taking damage. [demonic ancestry]
  6679 | D:6      | Reached XP level 9. HP: 71/71 MP: 10/10
  7151 | D:6      | Found a staircase to the Ecumenical Temple.
  7186 | Temple   | Entered the Ecumenical Temple
  8473 | D:7      | Reached skill level 10 in Long Blades
  9393 | D:8      | Found a staircase to the Lair.
  9496 | D:8      | Reached XP level 10. HP: 82/82 MP: 11/11
  9689 | Lair:1   | Entered Level 1 of the Lair of Beasts
  9716 | Lair:1   | Reached skill level 11 in Long Blades
  9827 | Lair:1   | Noticed a six-headed hydra
  9847 | Lair:1   | HP: 4/82 [six-headed hydra (2)]
  9847 | Lair:1   | Slain by a six-headed hydra

Illustrated notes

Levels and vault maps discovered:
D:1:      matt_arrival_refuge, layout_basic, ebering_ecumenical_altar_abandoned,
          due_unseen_surprise
D:2:      layout_loops_corners, uniq_jessica, uniq_crazy_yiuf_cottage
D:3:      layout_loops_ring, mainiacjoe_overflow_alcove_4, uniq_grinder,
          uniq_robin
D:4:      layout_loops_ring, nicolae_hepliaklqana_monster_ancestors,
          gammafunk_temple_overflow_arena
D:5:      layout_cave_pools, glass_columns_a, grunt_decor_arrowhead,
          minmay_manual_mares, uniq_menkaure
D:6:      layout_basic, mainiacjoe_overflow_cross_hatched,
          minmay_temple_entry_waves
D:7:      layout_basic
D:8:      layout_loops_cross, lair_entry_dummy
Temple:   bh_familiar_temple
Lair:1:   layout_small_grid, basic_altar, serial_bayou_lagoon_a, uniq_amaemon

Skill      XL: |  1  2  3  4  5  6  7  8  9 10 |
---------------+-------------------------------+-----
Long Blades    | 3 4 5 6 7 9 10 11 | 11.1
Fighting       | 3 4 6 8 |  8.0
Unarmed Combat | 1 2 3 |  3.2
Armour         | 2 |  2.0
Stealth        | 1 |  1.0
Evocations     | 1 |  1.0
Invocations    | 2 |  2.0
Throwing       | |  1.7
Dodging        | |  2.6

Action                   |  1- 3 |  4- 6 |  7- 9 | 10-12 || total
-------------------------+-------+-------+-------+-------++-------
Melee: Long sword        |    85 |   106 |    62 |       ||   253
       Touch             |     2 |    21 |    69 |    11 ||   103
       Scimitar          |       |       |   309 |    65 ||   374
       Punch             |       |       |     6 |     2 ||     8
       Rapier            |       |       |       |     3 ||     3
Throw: Stone             |     4 |       |     2 |     1 ||     7
       Throwing net      |       |     1 |       |     1 ||     2
       Dart              |       |     3 |       |     3 ||     6
       Javelin           |       |       |       |     2 ||     2
  Use: Scroll            |     5 |     6 |     7 |       ||    18
       Potion            |       |       |     2 |     1 ||     3
Armor: Leather armour    |    28 |       |       |       ||    28
       Chain mail        |    58 |    71 |    46 |       ||   175
       Plate armour      |       |       |   265 |    80 ||   345
Dodge: Dodged            |    65 |    43 |   117 |    26 ||   251

Table legend: (Time is in decaauts)
 A = Elapsed time spent in this place.
 B = Non-inter-level travel time spent in this place.
 C = Inter-level travel time spent in this place.
 D = Time resting spent in this place.
 E = Time spent auto-exploring this place.
 F = Levels seen in this place.
 G = Mean time per level.
                   A        B        C        D        E       F      G
               +--------+--------+--------+--------+--------+-----+--------+
         Total |   9871 |   8856 |   1015 |   1565 |   5349 |  10 |  987.1 |
       Dungeon |   9436 |   8451 |    985 |   1477 |   5098 |   8 | 1179.5 |
        Temple |    284 |    254 |     30 |      0 |    251 |   1 |  284.0 |
          Lair |    150 |    150 |      0 |     88 |      0 |   1 |  150.0 |
               +--------+--------+--------+--------+--------+-----+--------+

Top non-repeatable levels by time:
     D:4: 1730 daAuts
     D:2: 1413 daAuts
     D:3: 1216 daAuts
     D:5: 1208 daAuts
     D:6: 1101 daAuts
     D:7: 979 daAuts
     D:1: 954 daAuts
     D:8: 831 daAuts
  Temple: 284 daAuts
  Lair:1: 150 daAuts
